 Dungeon Crawl Stone Soup version 0.31-a0-640-g39d97e502b (webtiles) character file.

Game seed: 12895860955918522517

207 thirtiethelement the Grave Robber (level 5, -6/36 HPs)
             Began as a Demonspawn Necromancer on Aug 27, 2023.
             Killed from afar by an orc wizard (10 damage)
             ... with a magic dart
             ... on level 4 of the Dungeon.
             The game lasted 00:06:50 (2649 turns).

thirtiethelement the Grave Robber (DsNe)            Turns: 2649, Time: 00:06:51

Health: -6/36      AC:  3    Str:  8    XL:     5   Next: 54%
Magic:  18/19      EV: 11    Int: 18    God:
Gold:   107        SH:  0    Dex: 14    Spells: 7/11 levels left

rFire   + . .        c - +0 dagger
rCold   . . .        (no shield)
rNeg    . . .        w - +0 leather armour
rPois   .            (no helmet)
rElec   .            (no cloak)
rCorr   .            (no gloves)
SInv    .            (no boots)
Will    .....        (no amulet)
Stlth   ++           d - ring of magical power
HPRegen 0.26/turn    q - ring of protection from fire
MPRegen 0.16/turn

%: no passive effects
@: no status effects
A: ignite blood 1
a: no special abilities


You were on level 4 of the Dungeon.
You visited 1 branch of the dungeon, and saw 4 of its levels.

You collected 107 gold pieces.

Inventory:

Hand Weapons
 c - a +0 dagger (weapon)
Missiles
 j - 10 poisoned darts (quivered)
Armour
 a - a +0 robe
 w - a +0 leather armour (worn)
 x - a +0 helmet
Jewellery
 d - a ring of magical power (left hand)
 q - a ring of protection from fire (right hand)
Talismans
 o - a blade talisman
Wands
 t - a wand of quicksilver (8)
 v - a wand of charming (3)
Scrolls
 h - a scroll of identify {unknown}
 i - a scroll of poison {unknown}
 k - a scroll of immolation {unknown}
 l - a scroll of blinking {unknown}
 r - a scroll of enchant armour {unknown}
 u - a scroll of teleportation {unknown}
Potions
 b - a potion of magic
 e - 3 potions of curing {unknown}
 g - 4 potions of heal wounds {unknown}
 m - a potion of might {unknown}
 n - a potion of degeneration {unknown}
 p - a potion of brilliance {unknown}
 s - 2 potions of mutation {unknown}


   Skills:
 + Level 0.4 Fighting
 + Level 0.4 Short Blades
 + Level 0.8 Throwing
 + Level 1.9 Dodging
 + Level 2.5 Stealth
 + Level 3.6 Spellcasting
 + Level 5.7 Necromancy


You had 7 spell levels left.
You knew the following spells:

 Your Spells              Type           Power      Damage    Failure   Level
a - Necrotise             Necr           92%        1d8       2%          1
b - Vampiric Draining     Necr           23%        2d7       6%          3

Your spell library contained the following spells:

 Spells                   Type           Power      Damage    Failure   Level
 Animate Dead             Necr           23%        N/A       22%         4
 Agony                    Necr           23%        N/A       52%         5
 Volatile Blastmotes      Fire/Tloc      6%         2d10      54%         3
 Fulminant Prism          Conj/Hex       1%         3d5       91%         4
 Iskenderun's Mystic Bla  Conj/Tloc      3%         2d3       91%         4


Dungeon Overview and Level Annotations

Branches:
Dungeon (4/15)
 Temple: D:4-7

Altars:
Ru
Xom


Innate Abilities, Weirdness & Mutations

Your demonic aura sometimes causes spilled blood to erupt in flames.


Message History

The orc wizard hits you with a +0 dagger.
Something completely misses you. Something hits you.
The orc wizard casts a spell.
The orc wizard flickers and vanishes!
You feel less confused.
You hear some strange, mumbled words.
You hit something but do no damage. Your punch misses something.
Something hits you.
You miss something. Something hits you.
You hear some strange, mumbled words.
You miss something. Something hits you.
You hit something but do no damage. Something hits you. x2
You closely miss something. Something hits you.
You hit something but do no damage. Something hits you but does no damage.
Something hits you.
You miss something. Something hits you. x2
You hit something but do no damage. Something hits you.
You hear some strange, mumbled words.
Something tries to affect you, but you resist.
You barely miss something. Something hits you.
* * * LOW HITPOINT WARNING * * *
Something hits you.
* * * LOW HITPOINT WARNING * * *
As you read the scroll labelled ZUNANOTIEL, it crumbles to dust.
You feel aware of your surroundings.
It was a scroll of revelation.
The orc wizard hits you with a +0 dagger.
* * * LOW HITPOINT WARNING * * *
The orc wizard closely misses you.
Casting: Necrotise (safe; 2% risk of failure)
Confirm with . or Enter, or press ? or * to list all spells.
Aiming: Necrotise (safe; 2% risk of failure)
Press: ? - help, Shift-Dir - straight line, f - orc wizard
Aim: an orc wizard, wielding a +0 dagger and wearing a +0 robe (severely wounded, slightly transparent, chance to affect: 81%)
The orc wizard writhes in agony.
Something hits you.
* * * LOW HITPOINT WARNING * * *
You hear some strange, mumbled words.
A magic dart appears from out of thin air!
The magic dart hits you!
You die...

*,,,**,,,,,,,,,,,*********,,,,,,
*,,,,,,,...............,**,,,,,,
*,,,,,,,...............,,,,,,,,,
*,,,,,,,................,,,,,,,,
**,,,,,,,.................,,,,,,,
*,,,,,,,,.................,,,,,,,
,,**,,,>................$.,,,,,,,
,**,,,,...................,,,,,,,
***,,,,..?......@.....[...,,,,,,,
* **,,,........{°.........,,,,,,,
*,,,...................,,,,,,.
**,,,...................,,,,.#.
**,,,,...................,,,*#..
**,,,,,..........)........,***#..
*,,,*,,.................##**###..
*,,,**,.............##### ###....
*,,,,,,...........### ##......


There were no monsters in sight!

Vanquished Creatures
  An ogre (D:3)
  A hound (D:4)
  An orc wizard (D:4)
  2 adders
  A worm (D:3)
  2 dart slugs
  An orc (D:3)
  7 bats
  3 endoplasms
  A giant cockroach (D:2)
  2 goblins
  6 hobgoblins
  3 jackals (D:2)
  A quokka (D:2)
  3 ball pythons (D:3)
  A frilled lizard (D:2)
  4 kobolds
  3 rats
43 creatures vanquished.

Notes
Turn   | Place    | Note
-------+----------+-------------------------------------------
     0 | D:1      | thirtiethelement the Demonspawn Necromancer began the quest
                  | for the Orb.
     0 | D:1      | Reached XP level 1. HP: 13/13 MP: 3/3
   215 | D:1      | Gained mutation: Your demonic aura sometimes causes spilled
                  | blood to erupt in flames. [demonic ancestry]
   215 | D:1      | Reached XP level 2. HP: 8/19 MP: 5/5
   730 | D:1      | Reached skill level 5 in Necromancy
  1037 | D:2      | You fall into a shaft and drop 1 floor!
  1056 | D:3      | Reached XP level 3. HP: 15/24 MP: 6/6
  1150 | D:3      | Noticed an ogre
  1157 | D:3      | Killed an ogre
  1158 | D:3      | Reached XP level 4. HP: 15/31 MP: 8/8
  1647 | D:3      | Reached XP level 5. HP: 36/36 MP: 9/9
  1674 | D:3      | Found a faded altar of an unknown god.
  1800 | D:3      | Found a sacrificial altar of Ru.
  2096 | D:2      | Learned a level 3 spell: Vampiric Draining
  2122 | D:2      | Identified the +6 morningstar of Non Obstante Veredicto
                  | {holy, Int+4}
  2573 | D:4      | Found a shimmering altar of Xom.
  2649 | D:4      | Killed from afar by an orc wizard

Illustrated notes

Levels and vault maps discovered:
D:1:      onia_arrival_pyramid, layout_loops_ring
D:2:      layout_rooms
D:3:      layout_basic, general_overflow_altar, basic_ecumenical_altar,
          minmay_misc_feat_enclosed
D:4:      layout_layer_cave, mainiacjoe_overflow_six_doors_small

Skill      XL: |  1  2  3  4  5 |
---------------+----------------+-----
Necromancy     | 5 |  5.7
Spellcasting   | 3 |  3.6
Stealth        | 2 |  2.5
Fighting       | |  0.4
Short Blades   | |  0.4
Throwing       | |  0.8
Dodging        | |  1.9

Action                     |  1- 3 |  4- 6 || total
---------------------------+-------+-------++-------
  Melee: Dagger            |    26 |    13 ||    39
  Throw: Dart              |     6 |       ||     6
   Cast: Necrotise         |    49 |    31 ||    80
         Vampiric Draining |       |     2 ||     2
    Use: Scroll            |       |     1 ||     1
   Stab: Sleeping          |     4 |       ||     4
 Armour: Robe              |     3 |     1 ||     4
         Leather armour    |       |     4 ||     4
  Dodge: Dodged            |    18 |    12 ||    30

Table legend: (Time is in decaauts)
 A = Elapsed time spent in this place.
 B = Non-inter-level travel time spent in this place.
 C = Inter-level travel time spent in this place.
 D = Time resting spent in this place.
 E = Time spent auto-exploring this place.
 F = Levels seen in this place.
 G = Mean time per level.
                   A        B        C        D        E       F      G
               +--------+--------+--------+--------+--------+-----+--------+
         Total |   2646 |   2606 |     40 |    100 |   2130 |   4 |  661.5 |
       Dungeon |   2646 |   2606 |     40 |    100 |   2130 |   4 |  661.5 |
               +--------+--------+--------+--------+--------+-----+--------+

Top non-repeatable levels by time:
     D:3: 987 daAuts
     D:1: 865 daAuts
     D:2: 573 daAuts
     D:4: 220 daAuts
